 Dungeon Crawl Stone Soup version 0.31-a0-161-gb58dd9be76 (webtiles) character file.

Game seed: 15696361371025669565

46708 mopl the Spear-Bearer (level 14, -9/106 HPs)
             Began as a Merfolk Summoner on June 12, 2023.
             Was a High Priest of Sif Muna.
             Mangled by a komodo dragon (11 damage)
             ... while petrified by a basilisk
             ... on level 5 of the Lair of Beasts.
             The game lasted 00:43:54 (14676 turns).

mopl the Spear-Bearer (Merfolk Summoner)           Turns: 14676, Time: 00:43:55

Health: -9/106     AC: 11    Str:  8    XL:     14   Next: 38%
Magic:  30/38      EV:  2    Int: 20    God:    Sif Muna [*****.]
Gold:   972        SH:  0    Dex: 14    Spells: 23/36 levels left

rFire   . . .        a - +4 trident (heavy)
rCold   . . .        (no shield)
rNeg    + + +        G - +0 troll leather armour {Pargi}
rPois   ∞            L - +0 hat
rElec   .            O - +0 cloak
rCorr   .            X - +0 pair of gloves
SInv    .            T - +0 pair of boots
Will    +....        y - amulet of the acrobat
Stlth   ++           k - ring of magical power
HPRegen 1.17/turn    D - +4 ring of protection
MPRegen 0.26/turn

%: acrobat
@: petrified
A: (nimble swimmer 2), mertail
a: Renounce Religion, Channel Magic, Forget Spell, Divine Exegesis


You were on level 5 of the Lair of Beasts.
You worshipped Sif Muna.
Sif Muna was extremely pleased with you.
You visited 3 branches of the dungeon, and saw 17 of its levels.
You also visited: Sewer.

You collected 972 gold pieces.

Inventory:

Hand Weapons
 a - a +4 heavy trident (weapon)
Missiles
 j - 32 poisoned darts
 K - 2 throwing nets
 Q - a curare-tipped dart
Armour
 E - an orb of energy
 G - a +0 troll leather armour (worn) {Pargi}
 L - a +0 hat (worn)
 O - a +0 cloak (worn)
 T - a +0 pair of boots (worn)
 X - a +0 pair of gloves (worn)
Magical Staves
 S - the staff of death "Yqinameu" {rPois rN+ Int+2 Stlth+}
   (You took it off a kobold brigand on level 8 of the Dungeon)

   [staff of death]

   Base accuracy: +5 Base damage: 5 Base attack delay: 1.2 This weapon's minimum
   attack delay (0.6) is reached at skill level 12.
   Int:       It affects your intelligence (+2).
   rPois:     It protects you from poison.
   rN:        It protects you from negative energy.
   Stlth:     It makes you more stealthy.
   It falls into the 'Staves' category.
   It is a one-handed weapon.
Jewellery
 k - a ring of magical power (left hand)
 l - a ring of resist corrosion
 y - an amulet of the acrobat (around neck)
 D - a +4 ring of protection (right hand)
 F - a ring of protection from fire
 J - a ring of see invisible
 N - a ring of positive energy
Wands
 g - a wand of paralysis (3)
 M - a wand of iceblast (17)
Scrolls
 c - 7 scrolls of teleportation
 d - 3 scrolls of poison
 i - 2 scrolls of identify
 m - 3 scrolls of noise {unknown}
 n - 4 scrolls of revelation {unknown}
 o - 3 scrolls of enchant armour {unknown}
 p - a scroll of enchant weapon
 s - a scroll of summoning
 t - 3 scrolls of fog {unknown}
 u - 5 scrolls of blinking {unknown}
 v - 4 scrolls of fear {unknown}
 w - a scroll of silence {!r}
 A - 4 scrolls of vulnerability {unknown}
 B - 2 scrolls of torment {!r}
 C - 2 scrolls of brand weapon
 I - 2 scrolls of immolation
Potions
 b - a potion of magic
 e - a potion of ambrosia
 f - 2 potions of brilliance
 h - 3 potions of lignification {!q}
 q - 2 potions of heal wounds
 r - 7 potions of might
 x - 6 potions of curing {unknown}
 z - a potion of berserk rage {!q}
 H - 2 potions of haste
 U - a potion of enlightenment
Miscellaneous
 P - a phantom mirror


   Skills:
 + Level 8.4 Fighting
 - Level 14.0 Polearms
 + Level 10.4 Dodging
 - Level 2.1 Stealth
 + Level 11.8 Spellcasting
 + Level 13.1 Summonings
 + Level 9.5 Invocations


You had 23 spell levels left.
You knew the following spells:

 Your Spells              Type           Power      Damage    Failure   Level
a - Summon Small Mammal   Summ           100%       N/A       1%          1
b - Call Imp              Summ           100%       N/A       1%          2
c - Call Canine Familiar  Summ           59%        N/A       1%          3
f - Summon Lightning Spi  Summ/Air       38%        N/A       5%          4
g - Summon Guardian Gole  Hex/Summ       38%        N/A       1%          3

Your spell library contained the following spells:

 Spells                   Type           Power      Damage    Failure   Level
 Sting                    Tmut/Pois      44%        1d5       9%          1
 Poisonous Vapours        Pois/Air       22%        N/A       13%         2
 Sublimation of Blood     Necr           11%        N/A       13%         2
 Hailstorm                Conj/Ice       11%        3d5       26%         3
 Portal Projectile        Hex/Tloc       22%        N/A       26%         3
 Tukima's Dance           Hex            11%        N/A       26%         3
 Fulminant Prism          Conj/Hex       5%         3d7       63%         4
 Olgreb's Toxic Radiance  Pois           11%        N/A       63%         4
 Petrify                  Tmut/Erth      11%        N/A       63%         4
 Blade Hands              Tmut           5%         N/A       93%         5
 Irradiate                Conj/Tmut      5%         3d13      93%         5
 Spellforged Servitor     Conj/Summ      19%        N/A       99%         7


Dungeon Overview and Level Annotations

Branches:
Dungeon (11/15)            Temple (1/1) D:7            Lair (5/5) D:8
 Shoals (0/4) Lair:3        Snake (0/4) Lair:2        Slime (0/5) Lair:4
    Orc (0/2) D:10          Sewer (visited)

Altars:
Ashenzari
Dithmenos
Elyvilon
Fedhas
Gozag
Hepliaklqana
Kikubaaqudgha
Makhleb
Nemelex Xobeh
Okawaru
Qazlal
Ru
Sif Muna
Trog
Uskayaw
Vehumet
Wu Jian
Xom
Yredelemnul
Zin
The Shining One

Shops:
D:4 [   D:7 (

Portals:
Trove: D:10 (give +4 demon trident)


Innate Abilities, Weirdness & Mutations

((You are very nimble when in or above water. (Stealth+, EV+, Speed+++)))
Your lower body shifts to a powerful aquatic tail in water.


Message History

Your cerulean imp hits the cane toad with a +1 spear.
The blink frog hits you but does no damage.
The komodo dragon bites you.
* * * LOW HITPOINT WARNING * * *
The cane toad closely misses your cerulean imp.
The basilisk bites you.
* * * LOW HITPOINT WARNING * * *
Your cerulean imp hits the cane toad with a +1 spear.
The cane toad dies!
Sif Muna accepts your kill.
The blink frog blinks!
The komodo dragon barely misses you. The basilisk gazes at you.
You easily resist.
Your lightning spire shoots out a bolt of lightning at the basilisk!
The bolt of electricity hits the basilisk!
Your cerulean imp hits the komodo dragon but does no damage.
The komodo dragon bites you!
* * * LOW HITPOINT WARNING * * *
The basilisk bites you!
* * * LOW HITPOINT WARNING * * *
Your lightning spire shoots out a bolt of lightning at the basilisk!
The bolt of electricity hits the basilisk!
Your cerulean imp hits the komodo dragon but does no damage.
The blink frog hits you!
* * * LOW HITPOINT WARNING * * *
The blink frog blinks!
The komodo dragon bites you.
Your cerulean imp hits the komodo dragon but does no damage.
The komodo dragon bites you!!
* * * LOW HITPOINT WARNING * * *
The basilisk bites your lightning spire but does no damage.
Your lightning spire shoots out a bolt of lightning at the basilisk!
The bolt of electricity hits the basilisk!
The basilisk dies!
Sif Muna accepts your kill.
Your cerulean imp hits the komodo dragon from afar with a +1 spear.
The blink frog closely misses your cerulean imp.
The komodo dragon bites you!!
You die...

........................
..........#.......P.....
.......................
.......................
...............###.....
..............[.....#
.................##
.........#.l9....#.
..).P...#.@.5F....
.......8†........
.................
................
...............
...............
#..............
P.........##...


You could see a komodo dragon (ally target), a blink frog, a friendly guardian
golem (summoned), a friendly lightning spire (summoned, sheltered) and a
friendly cerulean imp (summoned, sheltered).

Vanquished Creatures
  Josephine (Lair:3)
  2 hydras (Lair:4)
  A merfolk avatar (Lair:5)
  A death yak (Lair:4)
  A skyshark (Lair:5)
  A lindwurm (Lair:4)
  A harpy (Lair:5)
  3 black mambas
  7 cane toads
  2 rime drakes
  5 komodo dragons
  2 polar bears
  A hornet (D:9)
  A dream sheep (Lair:4)
  5 blink frogs (Lair:5)
  A shadow (D:10)
  2 hogs (D:11)
  8 wyverns
  3 wraiths
  A human (D:7)
  20 yaks
  A steam dragon (D:8)
  10 water moccasins
  2 orc warriors
  An ice beast (D:9)
  An ogre (D:6)
  3 centaurs
  7 wolves
  A kobold brigand (D:7)
  12 bullfrogs
  3 gnoll sergeants
  2 wights (D:10)
  2 killer bees
  4 electric eels (D:9)
  A nameless horror (D:11)
  3 howler monkeys
  A lava snake (Lair:2)
  2 orc priests
  A gnoll bouda (Lair:2)
  2 hounds
  An iguana (D:4)
  2 orc wizards
  4 hell rats (Lair:3)
  6 gnolls
  6 adders
  A shadow imp (D:6)
  A white imp (D:9)
  An ufetubus (D:5)
  3 dart slugs
  13 orcs
  A bat (D:3)
  4 endoplasms
  5 giant cockroaches
  12 goblins
  4 hobgoblins
  3 jackals (D:2)
  3 quokkas
  5 ball pythons
  4 frilled lizards (Sewer)
  4 kobolds
  6 rats
217 creatures vanquished.

Vanquished Creatures (collateral kills)
  2 hydras (Lair:5)
  Erica (D:11)
  2 death yaks (Lair:4)
  Urug (D:10)
  2 ugly things
  A salamander (Lair:2)
  8 cane toads
  A rime drake (Lair:5)
  An unseen horror (D:10)
  A komodo dragon (Lair:3)
  A hornet (D:7)
  2 polar bears
  6 blink frogs
  4 dream sheep
  A slime creature (D:8)
  5 wyverns
  2 wraiths (Lair:3)
  3 basilisks
  A steam dragon (D:8)
  12 yaks
  A hog (D:11)
  5 humans
  A vampire mosquito (D:6)
  An acid dragon (D:8)
  2 water moccasins
  2 black bears
  Pargi (Sewer)
  3 sky beasts
  3 ice beasts
  2 orc warriors (D:8)
  5 centaurs
  2 ogres
  8 wolves
  4 kobold brigands
  6 bullfrogs
  A gnoll sergeant (D:8)
  3 scorpions
  A wight (D:8)
  7 killer bees
  An electric eel (D:10)
  A howler monkey (D:8)
  3 lava snakes (Lair:2)
  2 jellies
  2 orc priests
  A sleepcap (D:5)
  2 iguanas
  5 orc wizards
  3 hell rats (Lair:3)
  An adder (D:5)
  3 gnolls
  A white imp (D:9)
  2 ufetubi
  2 dart slugs
  16 orcs
  A goblin (D:3)
  2 hobgoblins
  3 quokkas
  6 kobolds
172 creatures vanquished.

Vanquished Creatures (others)
  2 hydras
  A death yak (Lair:4)
  A two-headed ogre (D:10)
  2 skeletal warriors
  A manticore (D:11)
  A polar bear (Lair:4)
  2 hornets
  A blink frog (Lair:4)
  4 dream sheep (Lair:4)
  A snapping turtle (Lair:4)
  A wraith (Lair:3)
  6 yaks
  2 wyverns
  A steam dragon (D:6)
  An orc warrior (D:8)
  A boggart (D:10)
  A wolf (Lair:2)
  2 killer bees
  A hound (D:6)
  An orc wizard (D:11)
  A centaur simulacrum (D:9)
  An ufetubus (D:9)
  2 orcs
37 creatures vanquished.

Grand Total: 426 creatures vanquished

Notes
Turn   | Place    | Note
-------+----------+-------------------------------------------
     0 | D:1      | mopl the Merfolk Summoner began the quest for the Orb.
     0 | D:1      | Reached XP level 1. HP: 13/13 MP: 3/3
    46 | D:1      | Found a faded altar of an unknown god.
   251 | D:1      | Reached XP level 2. HP: 13/19 MP: 3/5
   279 | D:1      | Learned a level 2 spell: Call Imp
   927 | D:1      | Reached XP level 3. HP: 24/24 MP: 6/6
  1124 | D:2      | Learned a level 3 spell: Call Canine Familiar
  1161 | D:2      | Reached skill level 3 in Spellcasting
  1376 | D:2      | Reached XP level 4. HP: 29/30 MP: 8/8
  1881 | D:3      | Reached skill level 5 in Summonings
  2292 | D:3      | Reached XP level 5. HP: 32/35 MP: 10/10
  2848 | D:4      | Reached skill level 1 in Polearms
  2848 | D:4      | Reached skill level 4 in Spellcasting
  2848 | D:4      | Reached XP level 6. HP: 28/41 MP: 12/12
  2881 | D:4      | Reached skill level 2 in Polearms
  2995 | D:4      | Reached skill level 3 in Polearms
  3075 | D:4      | Found Citet's Armour Shop.
  3203 | D:4      | Reached skill level 6 in Summonings
  3203 | D:4      | Reached XP level 7. HP: 46/46 MP: 13/13
  3210 | D:4      | Learned a level 3 spell: Summon Guardian Golem
  3302 | D:4      | Found a broken altar of Ashenzari.
  3550 | D:5      | Entered Level 5 of the Dungeon
  3627 | D:5      | Reached skill level 4 in Polearms
  3709 | D:5      | Learned a level 4 spell: Summon Lightning Spire
  3820 | D:5      | Reached skill level 5 in Spellcasting
  4290 | D:6      | Noticed a steam dragon
  4299 | D:6      | Killed a steam dragon
  4300 | D:6      | Reached skill level 5 in Polearms
  4300 | D:6      | Reached XP level 8. HP: 8/52 MP: 15/15
  4416 | D:6      | Reached skill level 7 in Summonings
  4485 | D:6      | Noticed a komodo dragon
  4613 | D:6      | Found a glowing drain.
  4617 | Sewer    | Entered a sewer
  4657 | Sewer    | Noticed Pargi
  4677 | Sewer    | Killed Pargi
  4678 | Sewer    | Reached skill level 6 in Polearms
  4863 | D:6      | Reached skill level 6 in Spellcasting
  4888 | D:6      | Found a sparkling altar of Nemelex Xobeh.
  4931 | D:6      | Killed a komodo dragon
  4932 | D:6      | Reached skill level 7 in Polearms
  4988 | D:6      | Reached XP level 9. HP: 57/57 MP: 18/18
  5271 | D:7      | Reached skill level 8 in Summonings
  5336 | D:7      | Found a staircase to the Ecumenical Temple.
  5354 | D:6      | Reached skill level 8 in Polearms
  5420 | D:6      | Reached skill level 7 in Spellcasting
  5464 | Temple   | Entered the Ecumenical Temple
  5733 | D:7      | Found Odothre's Weapon Shoppe.
  5828 | D:7      | Found a bloodstained altar of Trog.
  5913 | D:7      | Reached skill level 9 in Polearms
  5934 | D:7      | Reached skill level 9 in Summonings
  5952 | D:7      | Reached XP level 10. HP: 52/63 MP: 21/21
  6376 | D:8      | Reached skill level 10 in Polearms
  6376 | D:8      | Reached skill level 8 in Spellcasting
  6405 | D:8      | Found a hazy altar of Hepliaklqana.
  6406 | D:8      | Found a glowing silver altar of Zin.
  6409 | D:8      | Found a glowing golden altar of the Shining One.
  6639 | D:8      | Reached skill level 10 in Summonings
  6651 | D:8      | Found a staircase to the Lair.
  6671 | D:8      | Found a shimmering blue altar of Sif Muna.
  6671 | D:8      | Found a shimmering altar of Xom.
  6679 | D:8      | Became a worshipper of Sif Muna the Loreminder
  6789 | D:8      | Reached skill level 11 in Polearms
  6875 | D:8      | Reached skill level 1 in Invocations
  6889 | D:8      | Identified the +9 short sword "Urrer" {vamp, Contam rElec
                  | Stlth+}
  6938 | D:8      | Noticed a white ugly thing
  6960 | D:8      | Killed a white ugly thing
  6961 | D:8      | Reached skill level 2 in Invocations
  7013 | D:8      | Identified the staff of death "Yqinameu" {rPois rN+ Int+2
                  | Stlth+}
  7019 | D:8      | Identified the staff of conjuration "Rowoin" {rElec}
  7039 | D:8      | Reached skill level 9 in Spellcasting
  7169 | D:8      | Noticed a skeletal warrior
  7173 | D:8      | Reached XP level 11. HP: 63/68 MP: 24/24
  7204 | D:8      | Killed a skeletal warrior
  7205 | D:8      | Reached skill level 3 in Invocations
  7463 | D:9      | Found a hide-covered altar of Uskayaw.
  7473 | D:9      | Reached * piety under Sif Muna
  7565 | D:9      | Reached skill level 12 in Polearms
  7583 | D:9      | Reached skill level 4 in Invocations
  8020 | D:9      | Reached skill level 3 in Dodging
  8195 | D:9      | Reached skill level 1 in Fighting
  8338 | D:9      | Reached skill level 11 in Summonings
  8359 | D:9      | Reached ** piety under Sif Muna
  8444 | D:10     | Entered Level 10 of the Dungeon
  8460 | D:10     | Reached skill level 2 in Fighting
  8462 | D:10     | Reached skill level 5 in Invocations
  8480 | D:10     | Reached skill level 4 in Dodging
  8494 | D:10     | Found a staircase to the Orcish Mines.
  8515 | D:10     | Found a portal to a secret trove of treasure.
  8904 | D:10     | Noticed a skeletal warrior
  8924 | D:10     | Reached XP level 12. HP: 68/80 MP: 25/25
  8937 | D:10     | Reached skill level 3 in Fighting
  8937 | D:10     | Reached skill level 10 in Spellcasting
  9008 | D:10     | Reached skill level 5 in Dodging
  9037 | D:10     | Noticed a two-headed ogre
  9046 | D:10     | Killed a two-headed ogre
  9099 | D:10     | Reached skill level 13 in Polearms
  9289 | D:10     | Noticed Urug
  9298 | D:10     | Killed Urug
  9457 | D:11     | Reached *** piety under Sif Muna
  9579 | D:11     | Reached skill level 6 in Invocations
  9634 | D:11     | Noticed Erica
  9648 | D:11     | Killed Erica
  9649 | D:11     | Reached skill level 4 in Fighting
  9808 | D:11     | Reached skill level 6 in Dodging
 10050 | Lair:1   | Entered Level 1 of the Lair of Beasts
 10975 | Lair:2   | Reached skill level 5 in Fighting
 10995 | Lair:2   | Reached skill level 7 in Dodging
 11098 | Lair:2   | Found a staircase to the Snake Pit.
 11185 | Lair:2   | Reached skill level 7 in Invocations
 11191 | Lair:2   | Reached **** piety under Sif Muna
 11192 | Lair:2   | Reached XP level 13. HP: 80/92 MP: 26/27
 11758 | Lair:3   | Reached skill level 12 in Summonings
 11776 | Lair:3   | Found a staircase to the Shoals.
 11915 | Lair:3   | Reached skill level 14 in Polearms
 12276 | Lair:3   | Reached skill level 6 in Fighting
 12285 | Lair:3   | Noticed Josephine
 12301 | Lair:3   | Killed Josephine
 12302 | Lair:3   | Reached skill level 8 in Dodging
 12845 | Lair:4   | Reached skill level 11 in Spellcasting
 12923 | Lair:4   | Reached skill level 8 in Invocations
 13087 | Lair:4   | Reached skill level 7 in Fighting
 13087 | Lair:4   | Reached skill level 9 in Dodging
 13425 | Lair:4   | Found a staircase to the Slime Pits.
 13447 | Lair:4   | Reached ***** piety under Sif Muna
 13804 | Lair:5   | Entered Level 5 of the Lair of Beasts
 14153 | Lair:4   | Reached XP level 14. HP: 103/103 MP: 24/29
 14214 | Lair:5   | Received a gift from Sif Muna
 14216 | Lair:5   | Reached skill level 9 in Invocations
 14216 | Lair:5   | Got Sif Muna's Textbook on Ice and Assaults {god gift}
 14362 | Lair:5   | Reached skill level 10 in Dodging
 14365 | Lair:5   | Reached skill level 8 in Fighting
 14426 | Lair:5   | Reached skill level 13 in Summonings
 14491 | Lair:5   | Noticed a dire elephant
 14675 | Lair:5   | HP: 1/106 [komodo dragon (11)]
 14676 | Lair:5   | Mangled by a komodo dragon

Illustrated notes

Levels and vault maps discovered:
D:1:      minmay_arrival_cross, layout_basic,
          hellmonk_ecumenical_altar_arch_garden
D:2:      layout_basic, serial_park_tiny_1, minmay_misc_feat_iff, hex_large,
          kennysheep_potato
D:3:      layout_basic, nicolae_elevator_lobby_asterisk
D:4:      layout_basic, ashenzari_altar_1, serial_shops, nicolae_shop_stone
D:5:      layout_basic
D:6:      kennysheep_big_flooded_room, layout_cave_pools,
          nemelex_diamond_rough_becter, gup_sewer_entry_bowl
D:7:      layout_basic, nicolae_overflow_hidden_temple,
          minmay_temple_entry_tees, serial_shops,
          nicolae_shop_bloodbath_and_beyond, minmay_ruffians
D:8:      minmay_the_grid_square_5x5_3x3 [minmay_the_grid_square_5x5_detours,
          minmay_the_grid_square_5x5_checkered_statues,
          minmay_the_grid_square_5x5_dogpile,
          minmay_the_grid_square_5x5_two_walls_a,
          minmay_the_grid_square_5x5_megaprize_crossed,
          minmay_the_grid_square_5x5_meh,
          minmay_the_grid_square_5x5_sharp_hourglass,
          minmay_the_grid_square_5x5_three,
          minmay_the_grid_square_5x5_beaten_path], layout_basic,
          grunt_temple_overflow_open, grunt_lair_entry_orc_guard_hut,
          grunt_ministairs_3
D:9:      layout_basic, mainiacjoe_overflow_catwalk, serial_ice, serial_ice_j,
          serial_ice_c, serial_ice_b, serial_ice_o, serial_ice_f, serial_ice_e
D:10:     nzn_winding_woodlands_three_and_one
          [nzn_winding_woodlands_5x15_default,
          nzn_winding_woodlands_5x15_split_checker,
          nzn_winding_woodlands_5x15_sidewinder,
          nzn_winding_woodlands_center_diamonds], layout_cave_pools,
          orc_0_dummy, serial_bayou, serial_bayou_crossing, serial_bayou_pond_a,
          serial_bayou_pond_a, serial_bayou_pond_b, serial_bayou_pond_b,
          nicolae_trove_entry_crossroad, uniq_urug
D:11:     layout_cross, grunt_livestock, uniq_erica
Temple:   hellmonk_temple_flake
Lair:1:   layout_regular_city, infiniplex_staircase_pool_2
Lair:2:   layout_cave_pods, nicolae_snake_entry_warm_welcome,
          dreamdust_gnoll_shepherd
Lair:3:   layout_hall_layers, shoals_dummy_entry, uniq_josephine
Lair:4:   layout_cave_shapes, slime_entry_1, serial_bayou_shore_b,
          lemuel_fruit_tree
Lair:5:   gammafunk_lair_ancient_temple, layout_cave_shapes

Skill      XL: |  1  2  3  4  5  6  7  8  9 10 11 12 13 14 |
---------------+-------------------------------------------+-----
Spellcasting   | 3 4 5 6 7 9 10 11 | 11.8
Summonings     | 5 6 7 9 10 11 12 13 | 13.1
Polearms       | 1 3 5 7 9 11 12 13 14 | 14.0
Invocations    | 2 5 7 8 9 |  9.5
Dodging        | 4 7 9 10 | 10.4
Fighting       | 2 5 7 8 |  8.4
Stealth        | |  2.1

Action                     |  1- 3 |  4- 6 |  7- 9 | 10-12 | 13-15 || total
---------------------------+-------+-------+-------+-------+-------++-------
  Melee: Unarmed           |   116 |       |       |       |       ||   116
         Punch             |     5 |     1 |     3 |     3 |     6 ||    18
         Dagger            |    58 |   129 |    51 |       |       ||   238
         Short sword       |     5 |       |       |       |       ||     5
         Trident           |       |       |   222 |   424 |   272 ||   918
   Cast: Summon Small Mamm |     7 |     2 |     1 |       |     1 ||    11
         Call Imp          |     3 |     4 |    16 |    19 |    17 ||    59
         Call Canine Famil |       |     5 |    36 |    67 |    47 ||   155
         Summon Guardian G |       |       |     6 |    21 |    20 ||    47
         Summon Lightning  |       |       |       |    18 |    24 ||    42
    Use: Scroll            |       |       |       |    14 |     6 ||    20
   Stab: Sleeping          |     2 |     2 |     5 |     1 |       ||    10
         Distracted        |       |       |     6 |    13 |    11 ||    30
 Armour: Robe              |    24 |    30 |     7 |       |       ||    61
         Troll leather arm |       |       |    35 |   101 |    72 ||   208
  Dodge: Dodged            |   110 |    76 |   124 |   234 |   196 ||   740

Table legend: (Time is in decaauts)
 A = Elapsed time spent in this place.
 B = Non-inter-level travel time spent in this place.
 C = Inter-level travel time spent in this place.
 D = Time resting spent in this place.
 E = Time spent auto-exploring this place.
 F = Levels seen in this place.
 G = Mean time per level.
                   A        B        C        D        E       F      G
               +--------+--------+--------+--------+--------+-----+--------+
         Total |  14508 |  13867 |    641 |   1602 |   7797 |  18 |  806.0 |
       Dungeon |   9621 |   9288 |    333 |   1157 |   5005 |  11 |  874.6 |
        Temple |    149 |    139 |     10 |      0 |    127 |   1 |  149.0 |
          Lair |   4596 |   4298 |    298 |    445 |   2590 |   5 |  919.2 |
         Sewer |    141 |    141 |      0 |      0 |     74 |   1 |  141.0 |
               +--------+--------+--------+--------+--------+-----+--------+

Top non-repeatable levels by time:
  Lair:4: 1470 daAuts
     D:8: 1134 daAuts
  Lair:2: 1057 daAuts
     D:9: 1055 daAuts
  Lair:3: 1050 daAuts
     D:1: 975 daAuts
    D:10: 882 daAuts
     D:4: 868 daAuts
     D:3: 865 daAuts
     D:7: 864 daAuts
     D:6: 844 daAuts
     D:2: 835 daAuts
     D:5: 680 daAuts
    D:11: 615 daAuts
  Lair:1: 608 daAuts
